[ AOE2 MATCH · #505624399 ]
UnrankedIncas vs Britons
Player's team · WIN
Rival team · LOSS
[ REPLAY ANALYSIS · EXTRACTED FROM THE RECORDED GAME ]
Feudal
9:52
Castle
25:17
Imperial
40:12
| APM avg | 53.9 |
| APM peak | 94 |
| eAPM avg | 29.9 |
| Villagers / military | 119 / 44 |
Focus
⚔️ 48.2% · 🌾 51.8%
Unknown (2550) ×144 · Fishing Ship ×42 · Fire Galley ×15 · Spearman ×12 · Unknown (2626) ×9 · Trebuchet (Packed) ×6
Feudal
9:17
Castle
26:13
Imperial
49:24
| APM avg | 80.8 |
| APM peak | 135 |
| eAPM avg | 42.2 |
| Villagers / military | 191 / 127 |
Focus
⚔️ 42.3% · 🌾 57.7%
Longbowman ×65 · Archer ×30 · Unknown (2626) ×18 · Fishing Ship ×9 · Scout Cavalry ×9 · Battering Ram ×7
Match map
Initial resources + every placement click. Lines = walls · curves = elevation contours. ◆ gold · ⬟ stone · ● berries · ✦ relic · ◌ wall gap
Your base· ✓ Map-separated
SalzZ_classicpro's base· ✓ Map-separated
Smoothed initial terrain · ◌ = detected wall gap · hover for details
Inputs per minute
— RoR | Benanji - - SalzZ_classicpro
Build order — RoR | Benanji
First 150 of 487 actions detected
| 0:01 | Build | House |
| 0:03 | Create | Villager (Male) |
| 0:03 | Create | Villager (Male) |
| 0:26 | Create | Villager (Male) |
| 0:26 | Create | Villager (Male) |
| 1:16 | Create | Villager (Male) |
| 1:35 | Build | Settlement |
| 1:54 | Create | Villager (Male) |
| 2:27 | Create | Villager (Male) |
| 2:46 | Create | Villager (Male) |
| 3:17 | Create | Villager (Male) |
| 3:46 | Create | Villager (Male) |
| 4:03 | Build | Dock |
| 4:12 | Create | Villager (Male) |
| 4:39 | Create | Villager (Male) |
| 5:03 | Create | Fishing Ship |
| 5:05 | Create | Villager (Male) |
| 5:12 | Build | Palisade Wall |
| 5:14 | Build | Palisade Wall |
| 5:30 | Create | Villager (Male) |
| 5:32 | Create | Fishing Ship |
| 5:46 | Create | Villager (Male) |
| 5:59 | Build | House |
| 6:01 | Create | Fishing Ship |
| 6:05 | Create | Villager (Male) |
| 6:32 | Create | Villager (Male) |
| 7:04 | Research | Loom |
| 7:25 | Build | Barracks |
| 7:42 | Research | Feudal Age |
| 8:06 | Create | Fishing Ship |
| 8:17 | Create | Unit 2550 |
| 8:18 | Create | Unit 2550 |
| 8:31 | Create | Unit 2550 |
| 9:00 | Build | House |
| 9:14 | Create | Villager (Male) |
| 9:39 | Create | Fishing Ship |
| 9:52 | Age | Feudal Age |
| 9:53 | Build | Stone Wall |
| 9:56 | Build | Stone Wall |
| 10:00 | Build | Stone Wall |
| 10:01 | Build | Stone Wall |
| 10:02 | Research | Tech 1402 |
| 10:05 | Build | Dock |
| 10:08 | Research | Double-Bit Axe |
| 10:09 | Create | Villager (Male) |
| 10:25 | Create | Villager (Male) |
| 10:40 | Create | Villager (Male) |
| 10:49 | Create | Villager (Male) |
| 10:56 | Create | Unit 2626 |
| 11:04 | Create | Villager (Male) |
| 11:26 | Build | Dock |
| 11:29 | Create | Villager (Male) |
| 11:47 | Create | Villager (Male) |
| 11:54 | Build | Settlement |
| 12:11 | Create | Villager (Male) |
| 12:18 | Create | Unit 2626 |
| 12:18 | Create | Unit 2626 |
| 12:35 | Create | Fire Galley |
| 12:37 | Create | Villager (Male) |
| 12:55 | Create | Unit 2626 |
| 12:55 | Create | Unit 2626 |
| 12:56 | Create | Villager (Male) |
| 12:59 | Create | Spearman |
| 13:23 | Create | Fire Galley |
| 13:26 | Create | Spearman |
| 13:32 | Build | House |
| 13:36 | Create | Spearman |
| 13:39 | Build | Dock |
| 13:43 | Create | Fishing Ship |
| 13:54 | Create | Fire Galley |
| 13:55 | Create | Villager (Male) |
| 13:59 | Create | Spearman |
| 14:11 | Create | Fire Galley |
| 14:24 | Build | Palisade Wall |
| 14:31 | Create | Fire Galley |
| 14:38 | Research | Tech 906 |
| 14:57 | Create | Fire Galley |
| 14:58 | Create | Villager (Male) |
| 15:14 | Create | Fishing Ship |
| 15:30 | Build | Settlement |
| 15:30 | Create | Villager (Male) |
| 15:40 | Create | Unit 2626 |
| 15:40 | Create | Fire Galley |
| 15:43 | Create | Fishing Ship |
| 15:48 | Build | Fish Trap |
| 15:51 | Create | Villager (Male) |
| 16:07 | Build | Palisade Wall |
| 16:08 | Build | Palisade Wall |
| 16:22 | Create | Unit 2626 |
| 16:22 | Create | Fire Galley |
| 16:22 | Create | Fire Galley |
| 16:23 | Create | Fire Galley |
| 16:28 | Create | Villager (Male) |
| 16:30 | Create | Fishing Ship |
| 16:37 | Create | Fishing Ship |
| 16:37 | Create | Fishing Ship |
| 16:44 | Create | Spearman |
| 16:44 | Create | Spearman |
| 16:52 | Build | House |
| 16:54 | Build | House |
| 16:56 | Build | House |
| 16:59 | Build | House |
| 17:00 | Create | Spearman |
| 17:06 | Build | House |
| 17:12 | Create | Villager (Male) |
| 17:14 | Build | House |
| 17:15 | Build | Palisade Wall |
| 17:20 | Build | Palisade Wall |
| 17:21 | Create | Villager (Male) |
| 17:35 | Create | Fire Galley |
| 17:35 | Create | Fire Galley |
| 17:36 | Create | Villager (Male) |
| 17:43 | Build | Palisade Wall |
| 17:48 | Create | Spearman |
| 17:50 | Build | House |
| 17:52 | Build | House |
| 18:08 | Create | Spearman |
| 18:13 | Build | House |
| 18:25 | Create | Fire Galley |
| 18:26 | Create | Unit 2626 |
| 18:28 | Create | Villager (Male) |
| 18:28 | Create | Villager (Male) |
| 18:34 | Create | Fishing Ship |
| 18:35 | Create | Fishing Ship |
| 18:52 | Create | Villager (Male) |
| 19:29 | Create | Fire Galley |
| 19:29 | Create | Fire Galley |
| 19:34 | Create | Villager (Male) |
| 19:34 | Create | Fishing Ship |
| 19:40 | Build | Stone Wall |
| 19:40 | Build | Stone Wall |
| 19:41 | Build | Stone Wall |
| 19:50 | Build | House |
| 19:50 | Create | Villager (Male) |
| 19:52 | Build | Market |
| 19:55 | Build | Blacksmith |
| 19:56 | Create | Spearman |
| 20:11 | Create | Fishing Ship |
| 20:11 | Create | Fishing Ship |
| 20:11 | Create | Fishing Ship |
| 20:27 | Create | Villager (Male) |
| 20:34 | Build | Barracks |
| 20:45 | Build | Dock |
| 20:50 | Build | House |
| 20:52 | Build | House |
| 20:53 | Build | House |
| 20:54 | Build | House |
| 21:06 | Build | House |
| 21:10 | Build | Watch Tower |
| 21:24 | Build | Watch Tower |
Build order — SalzZ_classicpro
First 150 of 560 actions detected
| 0:00 | Create | Villager (Male) |
| 0:00 | Create | Villager (Male) |
| 0:01 | Build | House |
| 0:03 | Build | House |
| 0:05 | Create | Villager (Male) |
| 0:05 | Create | Villager (Male) |
| 1:17 | Create | Villager (Male) |
| 1:17 | Create | Villager (Male) |
| 1:18 | Build | Lumber Camp |
| 1:43 | Create | Villager (Male) |
| 1:43 | Create | Villager (Male) |
| 2:18 | Create | Villager (Male) |
| 2:18 | Create | Villager (Male) |
| 2:46 | Create | Villager (Male) |
| 3:23 | Build | House |
| 3:32 | Create | Villager (Male) |
| 3:35 | Create | Villager (Male) |
| 3:36 | Create | Villager (Male) |
| 3:52 | Build | Dock |
| 3:53 | Build | Dock |
| 4:05 | Create | Villager (Male) |
| 4:05 | Create | Villager (Male) |
| 4:08 | Build | Palisade Wall |
| 4:08 | Build | Palisade Wall |
| 4:38 | Create | Villager (Male) |
| 4:46 | Create | Fishing Ship |
| 4:51 | Create | Villager (Male) |
| 4:51 | Create | Villager (Male) |
| 5:09 | Build | House |
| 5:12 | Build | House |
| 5:27 | Create | Fishing Ship |
| 5:31 | Create | Villager (Male) |
| 5:32 | Create | Villager (Male) |
| 6:00 | Create | Villager (Male) |
| 6:14 | Create | Fishing Ship |
| 6:18 | Research | Loom |
| 6:41 | Create | Fishing Ship |
| 7:07 | Research | Feudal Age |
| 7:29 | Create | Fishing Ship |
| 8:15 | Build | Barracks |
| 8:18 | Create | Villager (Male) |
| 8:21 | Build | House |
| 8:36 | Build | Lumber Camp |
| 8:47 | Build | Palisade Wall |
| 8:54 | Build | Palisade Wall |
| 9:09 | Create | Fishing Ship |
| 9:17 | Age | Feudal Age |
| 9:33 | Create | Villager (Male) |
| 9:39 | Build | Palisade Wall |
| 9:43 | Build | Stable |
| 9:54 | Create | Villager (Male) |
| 10:06 | Build | House |
| 10:18 | Create | Scout Cavalry |
| 10:20 | Build | Palisade Wall |
| 10:21 | Build | Palisade Wall |
| 10:21 | Build | Palisade Wall |
| 10:25 | Create | Villager (Male) |
| 10:30 | Create | Scout Cavalry |
| 10:33 | Research | Double-Bit Axe |
| 10:33 | Research | Double-Bit Axe |
| 10:45 | Create | Villager (Male) |
| 10:50 | Create | Scout Cavalry |
| 10:59 | Research | Town Watch |
| 10:59 | Research | Town Watch |
| 11:04 | Build | Blacksmith |
| 11:05 | Create | Villager (Male) |
| 11:06 | Create | Scout Cavalry |
| 11:16 | Build | House |
| 11:21 | Create | Scout Cavalry |
| 11:25 | Build | House |
| 11:26 | Create | Villager (Male) |
| 11:40 | Create | Unit 2626 |
| 11:45 | Build | Mining Camp |
| 11:50 | Research | Forging |
| 11:53 | Create | Villager (Male) |
| 11:53 | Create | Villager (Male) |
| 12:03 | Create | Scout Cavalry |
| 12:16 | Build | Dock |
| 12:19 | Create | Villager (Male) |
| 12:26 | Create | Villager (Male) |
| 12:32 | Create | Transport Ship |
| 12:49 | Build | Dock |
| 12:51 | Create | Villager (Male) |
| 12:54 | Build | House |
| 12:54 | Build | House |
| 12:59 | Create | Unit 2626 |
| 13:00 | Create | Unit 2626 |
| 13:05 | Create | Scout Cavalry |
| 13:14 | Create | Villager (Male) |
| 13:18 | Create | Villager (Male) |
| 13:31 | Build | Mill |
| 13:42 | Create | Unit 2626 |
| 14:02 | Create | Villager (Male) |
| 14:07 | Build | Dock |
| 14:23 | Create | Fishing Ship |
| 14:23 | Create | Fishing Ship |
| 14:29 | Create | Scout Cavalry |
| 14:29 | Create | Scout Cavalry |
| 14:33 | Build | House |
| 14:43 | Build | Stone Wall |
| 14:45 | Build | Gate |
| 14:54 | Create | Transport Ship |
| 14:54 | Create | Transport Ship |
| 14:59 | Build | Stone Wall |
| 14:59 | Build | Stone Wall |
| 15:00 | Create | Villager (Male) |
| 15:19 | Build | House |
| 15:22 | Create | Villager (Male) |
| 15:27 | Build | House |
| 15:29 | Create | Unit 2626 |
| 15:43 | Create | Villager (Male) |
| 15:45 | Build | Stone Wall |
| 15:50 | Research | Scale Barding Armor |
| 15:50 | Research | Scale Barding Armor |
| 15:59 | Create | Unit 2626 |
| 16:01 | Create | Villager (Male) |
| 16:05 | Build | House |
| 16:32 | Create | Villager (Male) |
| 16:34 | Build | House |
| 16:41 | Build | Market |
| 16:41 | Create | Villager (Male) |
| 16:46 | Create | Unit 2626 |
| 16:51 | Create | Villager (Male) |
| 17:12 | Create | Villager (Male) |
| 17:13 | Create | Unit 2626 |
| 17:25 | Build | Mining Camp |
| 17:45 | Create | Unit 2626 |
| 17:53 | Create | Villager (Male) |
| 18:06 | Build | Archery Range |
| 18:15 | Build | Farm |
| 18:19 | Create | Unit 2626 |
| 18:22 | Build | Farm |
| 18:23 | Build | Farm |
| 18:28 | Research | Fletching |
| 18:28 | Research | Fletching |
| 18:33 | Build | Lumber Camp |
| 18:56 | Create | Villager (Male) |
| 18:58 | Build | Archery Range |
| 19:19 | Build | Dock |
| 19:22 | Create | Archer |
| 19:22 | Create | Archer |
| 19:28 | Create | Villager (Male) |
| 19:34 | Build | Dock |
| 19:35 | Create | Villager (Male) |
| 19:37 | Create | Unit 2626 |
| 19:43 | Create | Archer |
| 19:55 | Build | Dock |
| 19:58 | Create | Villager (Male) |
| 20:03 | Create | Fishing Ship |
| 20:05 | Create | Archer |
Match timeline
| 3:52 | SalzZ_classicpro · first_building Dock |
| 4:03 | RoR | Benanji · first_building Dock |
| 4:08 | SalzZ_classicpro · wall_segment Palisade Wall x1 |
| 4:08 | SalzZ_classicpro · wall_segment Palisade Wall x1 |
| 5:12 | RoR | Benanji · wall_segment Palisade Wall x1 |
| 5:14 | RoR | Benanji · wall_segment Palisade Wall x1 |
| 7:25 | RoR | Benanji · first_building Barracks |
| 8:15 | SalzZ_classicpro · first_building Barracks |
| 8:47 | SalzZ_classicpro · wall_segment Palisade Wall x1 |
| 8:54 | SalzZ_classicpro · wall_segment Palisade Wall x5 |
| 9:17 | SalzZ_classicpro · age_up feudal |
| 9:39 | SalzZ_classicpro · wall_segment Palisade Wall x10 |
| 9:43 | SalzZ_classicpro · first_building Stable |
| 9:52 | RoR | Benanji · age_up feudal |
| 9:53 | RoR | Benanji · wall_segment Stone Wall x1 |
| 9:56 | RoR | Benanji · wall_segment Stone Wall x8 |
| 10:00 | RoR | Benanji · wall_segment Stone Wall x6 |
| 10:01 | RoR | Benanji · wall_segment Stone Wall x7 |
| 10:20 | SalzZ_classicpro · wall_segment Palisade Wall x6 |
| 10:21 | SalzZ_classicpro · wall_segment Palisade Wall x1 |
| 10:21 | SalzZ_classicpro · wall_segment Palisade Wall x1 |
| 14:24 | RoR | Benanji · wall_segment Palisade Wall x7 |
| 14:43 | SalzZ_classicpro · wall_segment Stone Wall x5 |
| 14:59 | SalzZ_classicpro · wall_segment Stone Wall x10 |
| 14:59 | SalzZ_classicpro · wall_segment Stone Wall x1 |
| 15:45 | SalzZ_classicpro · wall_segment Stone Wall x6 |
| 16:07 | RoR | Benanji · wall_segment Palisade Wall x1 |
| 16:08 | RoR | Benanji · wall_segment Palisade Wall x1 |
| 17:15 | RoR | Benanji · wall_segment Palisade Wall x1 |
| 17:20 | RoR | Benanji · wall_segment Palisade Wall x6 |
| 17:43 | RoR | Benanji · wall_segment Palisade Wall x1 |
| 18:06 | SalzZ_classicpro · first_building Archery Range |
| 19:40 | RoR | Benanji · wall_segment Stone Wall x1 |
| 19:40 | RoR | Benanji · wall_segment Stone Wall x1 |
| 19:41 | RoR | Benanji · wall_segment Stone Wall x1 |
| 21:22 | RoR | Benanji · first_market_buy 100 stone |
| 23:15 | SalzZ_classicpro · first_market_sell 500 wood |
| 23:16 | SalzZ_classicpro · first_market_buy 100 food |
| 23:52 | SalzZ_classicpro · wall_segment Palisade Wall x1 |
| 23:53 | SalzZ_classicpro · wall_segment Palisade Wall x1 |
| 24:35 | RoR | Benanji · first_market_sell 100 wood |
| 25:17 | RoR | Benanji · age_up castle |
| 25:35 | RoR | Benanji · first_building Siege Workshop |
| 26:13 | SalzZ_classicpro · age_up castle |
| 30:13 | SalzZ_classicpro · first_building Castle |
| 30:24 | RoR | Benanji · first_building Monastery |
| 30:33 | SalzZ_classicpro · wall_segment Stone Wall x1 |
| 30:40 | SalzZ_classicpro · wall_segment Stone Wall x3 |
| 31:17 | RoR | Benanji · wall_segment Stone Wall x1 |
| 31:26 | SalzZ_classicpro · first_building Siege Workshop |
| 32:04 | SalzZ_classicpro · wall_segment Stone Wall x1 |
| 32:05 | SalzZ_classicpro · wall_segment Stone Wall x1 |
| 35:22 | RoR | Benanji · first_building Castle |
| 40:12 | RoR | Benanji · age_up imperial |
| 42:18 | SalzZ_classicpro · wall_segment Palisade Wall x1 |
| 46:34 | SalzZ_classicpro · wall_segment Stone Wall x1 |
| 48:35 | SalzZ_classicpro · wall_segment Palisade Wall x1 |
| 48:38 | SalzZ_classicpro · wall_segment Palisade Wall x1 |
| 49:04 | SalzZ_classicpro · wall_segment Stone Wall x1 |
| 49:24 | SalzZ_classicpro · age_up imperial |
| 50:46 | SalzZ_classicpro · resign |
[ AI ANALYSIS · 1 CREDIT ]
What really happened in this match?
Wolo.gg analyzes every decision: build order, eco, micro, common mistakes by bracket. Personalized analysis on WhatsApp or Discord in 30 seconds.
Civ guide
Incas
Perfil
Jugador #2463959